 Dungeon Crawl Stone Soup version 0.28.0-49-g6dfe1f597d (webtiles) character file.

Game seed: 9926423708675145698

2246 Zeld the Digger (level 9, -4/55 HPs)
             Began as a Gargoyle Earth Elementalist on May 17, 2022.
             Was an Initiate of Sif Muna.
             Slain by a killer bee (6 damage)
             ... on level 7 of the Dungeon.
             The game lasted 00:10:45 (10134 turns).

Zeld the Digger (Gargoyle Earth Elementalist)      Turns: 10134, Time: 00:10:46

Health: -4/55      AC: 11    Str: 13    XL:     9   Next: 37%
Magic:  0/16       EV: 12    Int: 19    God:    Sif Muna [......]
Gold:   342        SH:  0    Dex: 10    Spells: 12/18 levels left

rFire   . . .      SeeInvis .   a - +0 morningstar
rCold   . . .      Faith    .   (no shield)
rNeg    + . .      Spirit   .   b - +0 robe
rPois   ∞          Reflect  .   (no helmet)
rElec   +          Harm     .   w - +0 cloak
rCorr   .          Rampage  .   (no gloves)
Will    .....                   k - +0 pair of boots
Stlth   +++.......              (no amulet)
HPRegen 0.18/turn               (no ring)
MPRegen 0.15/turn               (no ring)

@: no status effects
A: sickness immunity, AC +6, negative energy resistance 1, electricity
resistance, torment resistance 1, petrification resistance
a: Renounce Religion


You were on level 7 of the Dungeon.
You worshipped Sif Muna.
Sif Muna was noncommittal.
You visited 2 branches of the dungeon, and saw 8 of its levels.

You collected 342 gold pieces.

Inventory:

Hand Weapons
 a - a +0 morningstar (weapon)
Missiles
 l - 29 stones
Armour
 b - a +0 robe (worn)
 k - a +0 pair of boots (worn)
 w - a +0 cloak (worn)
Jewellery
 f - a ring of protection from cold
Wands
 s - a wand of iceblast (7)
Scrolls
 c - 2 scrolls of brand weapon {unknown}
 e - 5 scrolls of vulnerability {unknown}
 g - a scroll of silence {unknown}
 h - 4 scrolls of teleportation {unknown}
 i - 2 scrolls of fear {unknown}
 m - 2 scrolls of noise {unknown}
 n - 4 scrolls of identify {unknown}
 o - a scroll of blinking {unknown}
 p - 3 scrolls of enchant armour {unknown}
Potions
 d - 3 potions of heal wounds {unknown}
 j - a potion of might {unknown}
 q - 2 potions of mutation {unknown}
 r - a potion of berserk rage {unknown}
 t - a potion of attraction {unknown}
 u - a potion of brilliance {unknown}
 v - 4 potions of lignification {unknown}
 x - a potion of curing


   Skills:
 * Level 5.8 Fighting
 * Level 5.7 Armour
 + Level 3.4 Dodging
 + Level 5.0 Stealth
 * Level 5.2 Spellcasting
 - Level 1.0 Transmutations
 * Level 7.5 Earth Magic


You had 12 spell levels left.
You knew the following spells:

 Your Spells              Type           Power      Damage    Failure   Level
a - Sandblast             Erth           66%        2d15      1%          1
b - Passwall              Tmut/Erth      17%        N/A       3%          2
c - Stone Arrow           Conj/Erth      38%        3d9       8%          3

Your spell library contained the following spells:

 Spells                   Type           Power      Damage    Failure   Level
 Sting                    Tmut/Pois      24%        1d4       10%         1
 Corpse Rot               Necr/Air       10%        N/A       19%         2
 Poisonous Vapours        Pois/Air       10%        N/A       19%         2
 Petrify                  Tmut/Erth      21%        N/A       22%         4
 Leda's Liquefaction      Hex/Erth       9%         N/A       26%         4
 Call Canine Familiar     Summ           5%         N/A       36%         3
 Ozocubu's Armour         Ice            5%         N/A       36%         3
 Portal Projectile        Hex/Tloc       10%        N/A       36%         3
 Olgreb's Toxic Radiance  Pois           5%         N/A       77%         4
 Metabolic Englaciation   Hex/Ice        2%         N/A       98%         5
 Simulacrum               Ice/Necr       2%         N/A       100%        6


Dungeon Overview and Level Annotations

Branches:
Dungeon (7/15)             Temple (1/1) D:7

Altars:
Ashenzari
Cheibriados
Dithmenos
Elyvilon
Fedhas
Gozag
Hepliaklqana
Kikubaaqudgha
Makhleb
Nemelex Xobeh
Okawaru
Qazlal
Ru
Sif Muna
Trog
Uskayaw
Vehumet
Wu Jian
The Shining One

Annotations:
D:4 1 runed translucent door, Crazy Yiuf
D:6 2 transporters, exclusion: vampire, Arandomuser85's ghost, novice TeAE


Innate Abilities, Weirdness & Mutations

You are immune to sickness and miasma.
Your stone body is resilient. (AC +6)
You are immune to poison.
You resist negative energy. (rN+)
You are resistant to electric shocks. (rElec)
You are resistant to unholy torment.
You are immune to petrification.


Message History

You completely miss the killer bee.
The killer bee is almost dead.
The killer bee closely misses you.
The killer bee stings you but does no damage.
The killer bee barely misses you.
There are monsters nearby!
Unknown command.
You are too injured to fight recklessly!
You miss the killer bee.
The killer bee is almost dead.
The killer bee buzzes angrily.
The killer bee stings you but does no damage.
The killer bee stings you. The killer bee barely misses you.
You puncture the killer bee!
You kill the killer bee!
Sif Muna accepts your kill. The killer bee stings you!
* * * LOW HITPOINT WARNING * * *
The killer bee barely misses you.
Your Stealth skill increases to level 5!
Casting: Stone Arrow (dangerous; 8% risk of failure)
Confirm with . or Enter, or press ? or * to list all spells.
Aiming: Stone Arrow (dangerous; 8% risk of failure)
Press: ? - help, Shift-Dir - straight line, f - killer bee
Aim: a killer bee (39% to hit)
The stone arrow misses the killer bee.
The killer bee stings you but does no damage.
The killer bee closely misses you.
Unknown command.
Casting: Stone Arrow (dangerous; 8% risk of failure)
Confirm with . or Enter, or press ? or * to list all spells.
You don't have enough magic to cast this spell.
You closely miss the killer bee. The killer bee barely misses you.
The killer bee stings you.
* * * LOW HITPOINT WARNING * * *
The killer bee barely misses you.
You miss the killer bee. The killer bee stings you!
* * * LOW HITPOINT WARNING * * *
The killer bee barely misses you. The killer bee stings you.
You die...

.# #. ....# #. ...#
###.#. ....<# .....
..#.# # ###.#. ..#.# #.
..... ##########.#.#
#.###.#.
#......@y†...#..#.......
#.########...#..#.#.#.#.
#...#........#.
#...#........#.
#..............
#..##..........
#.###..###..... #.#
#.......... #.#
#.####.....


You could see a killer bee.

Vanquished Creatures
  Grinder (D:5)
  Sigmund (D:2)
  Menkaure (D:6)
  2 water moccasins
  An ogre (D:2)
  2 necrophages (D:4)
  2 bullfrogs (D:7)
  A wyvern zombie (D:6)
  A water moccasin zombie (D:5)
  4 scorpions
  5 killer bees (D:7)
  A bullfrog zombie (D:6)
  An orc priest (D:3)
  2 hounds
  6 iguanas
  Ijyb (D:5)
  Terence (D:2)
  3 orc wizards
  Robin (D:3)
  A gnoll (D:1)
  5 adders
  2 ufetubi
  A worm (D:4)
  A dart slug (D:2)
  18 orcs
  9 endoplasms
  3 giant cockroaches
  12 goblins
  13 hobgoblins
  12 kobolds
  A quokka (D:3)
  5 ball pythons
  14 bats
  5 frilled lizards
  4 rats
143 creatures vanquished.

Notes
Turn   | Place    | Note
-------+----------+-------------------------------------------
     0 | D:1      | Zeld the Gargoyle Earth Elementalist began the quest for
                  | the Orb.
     0 | D:1      | Reached XP level 1. HP: 10/10 MP: 3/3
   212 | D:1      | Reached XP level 2. HP: 16/16 MP: 1/5
   305 | D:1      | Learned a level 2 spell: Passwall
   395 | D:1      | Reached skill level 1 in Fighting
   465 | D:1      | Reached skill level 1 in Armour
   465 | D:1      | Reached skill level 1 in Transmutations
   465 | D:1      | Reached skill level 4 in Earth Magic
   465 | D:1      | Reached XP level 3. HP: 20/20 MP: 2/6
   469 | D:1      | Learned a level 3 spell: Stone Arrow
  1032 | D:2      | Found a faded altar of an unknown god.
  1110 | D:2      | Noticed Terence
  1166 | D:2      | Killed Terence
  1167 | D:2      | Reached XP level 4. HP: 10/26 MP: 0/7
  1564 | D:2      | Noticed Sigmund
  2168 | D:2      | Killed Sigmund
  2169 | D:2      | Reached XP level 5. HP: 22/31 MP: 4/9
  2169 | D:2      | Reached XP level 6. HP: 26/36 MP: 4/10
  3039 | D:2      | Reached skill level 5 in Earth Magic
  3384 | D:3      | Reached XP level 7. HP: 41/41 MP: 1/12
  3500 | D:3      | Identified the amulet "Mowateegue" {Acrobat rF+ rC- Stlth+}
  3753 | D:3      | Identified the +8 spear "Tormentor" {vorpal, Int+4 Stlth+}
  3877 | D:3      | Noticed Robin
  4020 | D:3      | Killed Robin
  4748 | D:4      | Found a runed translucent door.
  4749 | D:4      | Noticed Crazy Yiuf
  5570 | D:5      | Entered Level 5 of the Dungeon
  5570 | D:5      | Noticed Ijyb
  6580 | D:5      | Killed Ijyb
  6581 | D:5      | Reached XP level 8. HP: 48/48 MP: 6/13
  6830 | D:5      | Reached skill level 6 in Earth Magic
  7201 | D:5      | Noticed Grinder
  7254 | D:5      | Paralysed by Grinder for 3 turns
  7260 | D:5      | Killed Grinder
  8067 | D:6      | Found a sparkling altar of Nemelex Xobeh.
  8092 | D:6      | Found a transporter.
  8092 | D:6      | Noticed Arandomuser85's ghost (novice TeAE)
  8104 | D:6      | Found a transporter.
  8146 | D:6      | Reached skill level 5 in Fighting
  8262 | D:6      | Noticed a vampire
  8281 | D:6      | Reached skill level 5 in Armour
  8343 | D:6      | Noticed Menkaure
  8348 | D:6      | Killed Menkaure
  8364 | D:6      | Identified the +1 robe of Moruf {rC+ Str+4 Stlth+}
  8442 | D:6      | Reached skill level 7 in Earth Magic
  8442 | D:6      | Reached XP level 9. HP: 54/54 MP: 5/16
  9165 | D:6      | Found a shadowy altar of Dithmenos.
  9523 | D:7      | Found a staircase to the Ecumenical Temple.
  9540 | D:7      | Reached skill level 5 in Spellcasting
  9542 | Temple   | Entered the Ecumenical Temple
  9715 | Temple   | Became a worshipper of Sif Muna the Loreminder
 10132 | D:7      | Reached skill level 5 in Stealth
 10134 | D:7      | HP: 2/55 [killer bee (7)]
 10134 | D:7      | Slain by a killer bee

Illustrated notes

Levels and vault maps discovered:
D:1:      dpeg_arrival_oval, layout_basic
D:2:      layout_basic, nicolae_ecumenical_snake_handling, uniq_sigmund,
          uniq_terence
D:3:      layout_rooms, grunt_decor_one_mirror, uniq_robin
D:4:      layout_rooms, uniq_crazy_yiuf_cottage
D:5:      layout_basic, minmay_misc_feat_columns, minmay_holes, uniq_grinder,
          uniq_ijyb
D:6:      layout_loops_corners, lemuel_round_altar,
          nicolae_dithmenos_through_a_glass_darkly, gammafunk_ghost_smash,
          minmay_unpleasant_kobolds, uniq_menkaure
D:7:      layout_basic, minmay_temple_entry_tees
Temple:   minmay_temple_bridge_d

Skill      XL: |  1  2  3  4  5  6  7  8  9 |
---------------+----------------------------+-----
Fighting       | 1 2 3 4 5 |  5.8
Armour         | 1 2 3 4 5 |  5.7
Transmutations | 1 |  1.0
Earth Magic    | 4 5 7 |  7.5
Dodging        | 2 3 |  3.4
Stealth        | 3 4 5 |  5.0
Spellcasting   | 3 4 5 |  5.2

Action                   |  1- 3 |  4- 6 |  7- 9 || total
-------------------------+-------+-------+-------++-------
Melee: Unarmed           |    30 |     2 |       ||    32
       Morningstar       |       |       |   275 ||   275
       Punch             |       |       |     3 ||     3
 Cast: Sandblast         |    46 |    38 |    22 ||   106
       Stone Arrow       |     3 |    12 |    82 ||    97
  Use: Potion            |       |       |     2 ||     2
 Stab: Sleeping          |       |       |     3 ||     3
Armor: Robe              |    33 |    11 |   233 ||   277
Dodge: Dodged            |    44 |    23 |   333 ||   400
